 Dungeon Crawl Stone Soup version 0.16.2-12-gd0ad4c3 (webtiles) character file.

9867 faibistes the Thaumaturge (level 11, -4/60 HPs)
             Began as a Deep Elf Wizard on Mar 27, 2019.
             Was a High Priest of Sif Muna.
             Slain by a warg (16 damage)
             ... on level 8 of the Dungeon.
             The game lasted 01:13:57 (17386 turns).

faibistes the Thaumaturge (Deep Elf Wizard)        Turns: 17386, Time: 01:13:57

Health: -4/60      AC: 12    Str:  4    XL:     11   Next: 28%
Magic:  25/33      EV: 16    Int: 27    God:    Sif Muna [*****.]
Gold:   444        SH:  0    Dex: 13    Spells: 6 memorised, 19 levels left

rFire  + . .     SeeInvis .     w - +3 dagger (venom)
rCold  + . .     Clarity  .     s - +2 robe
rNeg   . . .     SustAb   .     (no shield)
rPois  .         Gourm    .     F - +2 helmet
rElec  .         Spirit   .     o - +2 cloak (curse)
rCorr  .         Warding  .     (no gloves)
rMut   +         Stasis   .     O - +1 pair of boots
MR     +....                    P - amulet of resist mutation
Stlth  ++........               Q - ring of protection from fire
                                m - ring of protection from cold

@: repel missiles, somewhat resistant to hostile enchantments, unstealthy
A: no striking features
a: Channel Energy, Forget Spell, Renounce Religion


You were on level 8 of the Dungeon.
You worshipped Sif Muna.
Sif Muna was extremely pleased with you.
You were not hungry.

You visited 2 branches of the dungeon, and saw 12 of its levels.

You collected 508 gold pieces.
You spent 64 gold pieces at shops.

Inventory:

Hand weapons
 i - a +0 dagger
 w - a +3 dagger of venom (weapon)
Armour
 o - a cursed +2 cloak (worn)
 s - a +2 robe (worn)
 F - a +2 helmet (worn)
 O - a +1 pair of boots (worn)
Magical staves
 a - an uncursed staff of cold
Jewellery
 m - a ring of protection from cold (left hand)
 P - an amulet of resist mutation (around neck)
 Q - a ring of protection from fire (right hand)
 R - an uncursed ring of flight
Magical devices
 r - a wand of slowing (4)
 S - a wand of fireball (3)
Scrolls
 e - a scroll of fog
 h - 3 scrolls of remove curse
 j - 2 scrolls of amnesia
 k - 3 scrolls of identify
 t - 2 scrolls of teleportation
 y - a scroll of enchant armour
 z - a scroll of immolation
Potions
 b - a potion of cancellation
 g - a potion of brilliance
 p - a potion of might
 v - a potion of agility
 x - a potion of magic
 A - a potion of ambrosia
 B - a potion of mutation
 C - a potion of haste
 D - 4 potions of curing
 I - a potion of heal wounds
Books
 c - a book of Minor Magic

   Spells                             Type                      Level
   a - Magic Dart                     Conjuration                  1
   b - Blink                          Translocation                2
   c - Call Imp                       Summoning                    2
   d - Repel Missiles                 Charms/Air                   2
   e - Slow                           Hexes                        2
   f - Conjure Flame                  Conjuration/Fire             3
   g - Mephitic Cloud                 Conjuration/Poison/Air       3
Miscellaneous
 f - a lamp of fire (inert)
Comestibles
 d - 9 bread rations
 l - a beef jerky
 n - 2 slices of pizza
 u - 6 meat rations


   Skills:
 + Level 3.8 Fighting
 + Level 7.4 Dodging
 - Level 2.4 Stealth
 * Level 11.3 Spellcasting
 + Level 7.4 Conjurations
 + Level 4.5 Charms
 - Level 1.1 Summonings
 + Level 4.6 Translocations
 * Level 6.5 Fire Magic
 - Level 5.0 Air Magic
 - Level 3.4 Poison Magic
 * Level 5.3 Invocations
 + Level 4.7 Evocations


You had 19 spell levels left.
You knew the following spells:

 Your Spells              Type           Power        Failure   Level  Hunger
a - Magic Dart            Conj           ####         1%          1    None
b - Conjure Flame         Conj/Fire      ######..     1%          3    None
c - Call Imp              Summ           ###.....     4%          2    None
d - Blink                 Tloc           N/A          1%          2    None
e - Mephitic Cloud        Conj/Pois/Air  #####...     1%          3    None
f - Repel Missiles        Chrm/Air       #####.       1%          2    None


Dungeon Overview and Level Annotations

Branches:
Dungeon (11/15)            Temple (1/1) D:4             Orc (0/4) D:9
   Lair: D:8-11

Altars:
Ashenzari
Cheibriados
Dithmenos
Elyvilon
Fedhas
Gozag
Kikubaaqudgha
Makhleb
Nemelex Xobeh
Okawaru
Qazlal
Ru
Sif Muna
Trog
Vehumet
Xom
Yredelemnul
Zin

Shops:
D:8 *

Annotations:
D:10 Sonja


Message History

The warg barely misses your crimson imp.
Your crimson imp barely misses the warg.
The warg bites your crimson imp but does no damage.
Your crimson imp hits the warg but does no damage.
Your white imp hits the warg but does no damage.
The warg bites your crimson imp!
Your crimson imp dies!
The warg bites you!
* * * LOW HITPOINT WARNING * * *
Your white imp completely misses the warg.
The warg barks!
Your white imp hits the warg.
Your white imp freezes the warg.
The warg bites your white imp.
Your white imp hits the warg.
Your white imp freezes the warg.
Things that are here:
a ring mail; a flail
Things that are here:
a plate armour; 7 tomahawks; a scimitar The warg bites you!
You die...

##'#############.........#
#.....)...).(.############
.....########..# .[...# ##[##
.....# #..# .....# ##.# #...##
#[## #...## #..# .....# ##@#
#...## #h# #...## #[# .....# #[##
.....###########[.###############
............[......h[..((........
≈≈≈≈≈≈≈≈≈≈≈≈≈)≈....≈5≈≈≈≈[≈≈≈≈≈≈≈
≈≈≈≈≈≈≈≈≈≈≈≈≈≈≈....≈≈≈≈≈≈≈≈≈≈≈≈≈≈
###≈≈≈≈≈≈≈≈≈≈≈≈....≈≈≈≈≈≈≈≈≈≈≈≈##


You could see a warg.

Vanquished Creatures
  An orc knight (D:7)
  A hill giant (D:10)
  An orc sorcerer (D:8)
  An orange demon (D:8)
  A hellwing (D:8)
  2 two-headed ogres
  Eustachio (D:7)
  A deep elf mage (D:10)
  A hippogriff (D:8)
  14 wargs (D:8)
  3 ice beasts
  4 sky beasts
  A necrophage (D:7)
  4 phantoms
  9 orc warriors
  A wasp (D:8)
  9 ogres
  3 centaurs
  Sigmund (D:2)
  A big kobold (D:8)
  2 giant frogs
  An elf zombie (D:8)
  5 scorpions
  4 killer bees (D:10)
  11 wights
  A quasit (D:6)
  6 crimson imps
  A jelly (D:10)
  5 human zombies (D:8)
  A centaur zombie (D:8)
  2 hounds
  A human skeleton (D:8)
  10 orc priests
  A centaur skeleton (D:7)
  5 iguanas
  Natasha (thrice) (D:3)
  9 orc wizards
  A killer bee zombie (D:9)
  6 worker ants
  2 mummies
  Robin (D:3)
  13 adders
  A giant mite (D:3)
  3 shadow imps
  10 worms
  An adder skeleton (D:6)
  8 giant geckos
  63 orcs
  A bat skeleton (D:7)
  9 giant cockroaches
  13 hobgoblins
  6 jackals
  4 quokkas
  2 ball pythons
  18 bats
  5 giant newts
  26 goblins
  2 hobgoblin zombies (D:4)
  A jackal skeleton (D:4)
  22 kobolds
  3 orc zombies
  A quokka skeleton (D:7)
  13 rats
363 creatures vanquished.

Vanquished Creatures (collateral kills)
  A warg (D:8)
  A killer bee (D:10)
  A quasit (D:7)
  4 gnolls (D:2)
  3 orcs (D:4)
  A bat skeleton (D:6)
  A goblin (D:4)
12 creatures vanquished.

Vanquished Creatures (others)
  A fire elemental (D:8)
  A crimson imp (D:8)
  A shadow imp (D:8)
  2 white imps
  4 giant spores
  A ballistomycete (D:8)
  2 plants (D:8)
12 creatures vanquished.

Grand Total: 387 creatures vanquished

Notes
Turn   | Place    | Note
--------------------------------------------------------------
     0 | D:1      | faibistes, the Deep Elf Wizard, began the quest for the Orb.
     0 | D:1      | Reached XP level 1. HP: 10/10 MP: 6/6
   385 | D:1      | Reached XP level 2. HP: 15/15 MP: 8/10
   390 | D:1      | Learned a level 2 spell: Blink
   393 | D:1      | Learned a level 2 spell: Call Imp
  1012 | D:3      | Reached skill level 5 in Spellcasting
  1164 | D:2      | Reached XP level 3. HP: 19/19 MP: 1/14
  1169 | D:2      | Learned a level 3 spell: Conjure Flame
  1173 | D:2      | Learned a level 3 spell: Mephitic Cloud
  1353 | D:2      | Found a burning altar of Makhleb.
  1353 | D:2      | Noticed a crimson imp
  1363 | D:2      | Killed a crimson imp
  1363 | D:2      | Reached XP level 4. HP: 18/24 MP: 7/17
  1458 | D:2      | Learned a level 2 spell: Repel Missiles
  1795 | D:2      | Found a radiant altar of Vehumet.
  1900 | D:2      | Noticed Sigmund
  1914 | D:2      | Killed Sigmund
  1914 | D:2      | Reached skill level 6 in Spellcasting
  1914 | D:2      | Reached XP level 5. HP: 25/28 MP: 10/20
  2266 | D:3      | Noticed Robin
  2288 | D:3      | Killed Robin
  2508 | D:4      | Noticed an ogre
  2522 | D:4      | Killed an ogre
  2522 | D:4      | Reached XP level 6. HP: 12/32 MP: 3/22
  2762 | D:3      | Noticed Natasha
  2773 | D:3      | Killed Natasha
  2935 | D:3      | Reached skill level 7 in Spellcasting
  2935 | D:3      | Reached skill level 1 in Evocations
  3050 | D:3      | Noticed Natasha
  3055 | D:3      | Killed Natasha
  3174 | D:3      | Reached skill level 1 in Fighting
  3236 | D:3      | Noticed Natasha
  3236 | D:3      | Killed Natasha
  3521 | D:3      | Found a sacrificial altar of Ru.
  3521 | D:3      | Found a bloodstained altar of Trog.
  3920 | D:4      | Reached XP level 7. HP: 11/39 MP: 3/25
  4221 | D:5      | Entered Level 5 of the Dungeon
  4920 | D:4      | Found a staircase to the Ecumenical Temple.
  4932 | Temple   | Entered the Ecumenical Temple
  5130 | Temple   | Became a worshipper of Sif Muna the Loreminder
  6041 | D:5      | Reached skill level 1 in Fire Magic
  6041 | D:5      | Reached skill level 1 in Air Magic
  6122 | D:5      | Reached skill level 8 in Spellcasting
  6139 | D:5      | Reached skill level 1 in Poison Magic
  6139 | D:5      | Reached XP level 8. HP: 22/45 MP: 6/27
  6396 | D:6      | Acquired Sif Muna's first power
  6753 | D:6      | Reached skill level 5 in Dodging
  7198 | D:6      | Reached skill level 5 in Conjurations
  7585 | D:6      | Acquired Sif Muna's second power
  7585 | D:6      | Reached skill level 9 in Spellcasting
  7832 | D:8      | Reached XP level 9. HP: 35/49 MP: 12/29
  7840 | D:8      | Found Moef's Assorted Antiques.
  7855 | D:8      | Bought a scroll labeled CUVOXE MAIREYMP for 32 gold pieces
  7855 | D:8      | Bought a scroll labeled GRISSU LITWYULY for 32 gold pieces
  7996 | D:9      | Found a staircase to the Orcish Mines.
  9436 | D:7      | Reached skill level 10 in Spellcasting
  9673 | D:8      | Reached skill level 5 in Air Magic
  9782 | D:10     | Entered Level 10 of the Dungeon
  9800 | D:10     | Reached skill level 1 in Invocations
  9963 | D:11     | Noticed a cyclops
 10595 | D:10     | Noticed Sonja
 10602 | D:10     | Reached XP level 10. HP: 45/54 MP: 15/31
 10617 | D:10     | Reached skill level 1 in Charms
 10628 | D:10     | Noticed a hill giant
 10636 | D:10     | Killed a hill giant
 10897 | D:9      | Found a shadowy altar of Dithmenos.
 11021 | D:9      | Reached skill level 5 in Fire Magic
 11768 | D:7      | Noticed Eustachio
 11779 | D:7      | Killed Eustachio
 13167 | D:8      | Acquired Sif Muna's third power
 13767 | D:8      | Found an ancient bone altar of Kikubaaqudgha.
 14267 | D:8      | Noticed an orc knight
 14295 | D:8      | Reached skill level 11 in Spellcasting
 14754 | D:7      | Killed an orc knight
 14754 | D:7      | Reached XP level 11. HP: 24/60 MP: 8/33
 15151 | D:8      | Noticed an orc sorcerer
 15208 | D:8      | Killed an orc sorcerer
 15208 | D:8      | Reached skill level 5 in Invocations
 15762 | D:8      | Noticed a skeletal warrior
 15762 | D:8      | Noticed a skeletal warrior
 15762 | D:8      | Noticed a skeletal warrior
 15762 | D:8      | Noticed a skeletal warrior
 15762 | D:8      | Noticed a skeletal warrior
 17386 | D:8      | Slain by a warg

Action                   |  1- 3 |  4- 6 |  7- 9 | 10-12 || total
-------------------------+-------+-------+-------+-------++-------
Melee: Dagger            |     6 |    36 |   162 |    93 ||   297
 Cast: Magic Dart        |    74 |   168 |   391 |   509 ||  1142
       Mephitic Cloud    |       |    14 |    33 |    31 ||    78
       Conjure Flame     |       |     3 |    38 |    52 ||    93
       Repel Missiles    |       |     1 |     2 |     3 ||     6
       Blink             |       |     3 |    33 |    23 ||    59
       Call Imp          |       |     2 |     2 |     8 ||    12
Invok: Channel Energy    |       |       |     8 |     8 ||    16
Evoke: Wand              |       |       |    30 |     4 ||    34
       Lamp of fire      |       |       |       |     1 ||     1
  Use: Scroll            |       |     1 |     8 |    20 ||    29
       Potion            |       |     1 |     1 |     2 ||     4
 Stab: Confused          |       |     2 |     1 |     5 ||     8
       Sleeping          |       |     1 |     1 |     1 ||     3
  Eat: Chunk             |     1 |     8 |    19 |    20 ||    48
       Fruit             |       |       |     2 |     2 ||     4
       Beef jerky        |       |       |       |     1 ||     1
